[Event "Titled Tuesday Blitz May 23 Late 2023"]
[White "Liu, Casper"]
[Black "Figorito, Nick"]
[WhiteFideId "1454153"]
[BlackFideId "30923689"]
[WhiteElo "2221"]
[BlackElo "2374"]
[Result "1/2-1/2"]
[Round "10"]
[TimeControl "180+2"]
[Date "2023.05.23"]
[WhiteClock "0:01:21"]
[BlackClock "0:00:23"]

1. d4 Nf6 2. Bf4 d5 3. Qc1 c5 4. dxc5 Nc6 5. Nf3 Bg4 6. Qe3 Bxf3 7. exf3 e6 8. Bb5 Be7 9. O-O O-O 10. Bxc6 bxc6 11. Nd2 Nh5 12. b4 a5 13. c3 d4 14. cxd4 Nxf4 15. Qxf4 Bg5 16. Qe4 Bxd2 17. a3 axb4 18. axb4 Rxa1 19. Rxa1 Bxb4 20. h4 Qd5 21. Qe3 e5 22. Qxe5 Qxe5 23. dxe5 Bxc5 24. Rc1 Bd4 25. Rxc6 Bxe5 26. g3 g6 27. f4 Bd4 28. h5 Kg7 29. hxg6 hxg6 30. Kg2 Ra8 31. Rd6 Bc5 32. Rc6 Bd4 33. Rd6 Ra4 34. Kf3 Bf6 35. Rd2 Ra3+ 36. Kg2 Bc3 37. Rd3 Bb4 38. Rd4 Bc5 39. Rc4 Ba7 40. Rc7 Ra2 41. Kh3 Bxf2 42. Rc3 Bd4 43. Rd3 Bf6 44. Kg4 Be7 45. Re3 Bf8 46. Re8 Ra3 47. Rb8 Bc5 48. Rb2 Bd4 49. Rd2 Be3 50. Re2 Bc5 51. Rc2 Be7 52. Re2 Bf6 53. Rc2 Rc3 54. Re2 Bd4 55. Rd2 Bc5 56. Re2 Bb4 57. Rb2 Ba5 58. Re2 Bb6 59. Rb2 Ba7 60. Ra2 Bb8 61. Rb2 Bc7 62. Re2 f5+ 63. Kh3 Bxf4 64. Kg2 Rxg3+ 65. Kf2 Rc3 66. Re7+ Kf6 67. Ra7 Be3+ 68. Kg2 Bxa7 69. Kh1 Rc2 1/2-1/2


[Site "https://www.chess.com"]

[Event "Titled Tuesday Blitz May 23 Late 2023"]
[White "Alexikov, Alexander"]
[Black "Moral Garcia, Serafin"]
[WhiteFideId "14103958"]
[BlackFideId "2201925"]
[WhiteElo "2186"]
[BlackElo "2274"]
[Result "0-1"]
[Round "10"]
[TimeControl "180+2"]
[Date "2023.05.23"]
[WhiteClock "0:00:00"]
[BlackClock "0:00:27"]

1. e4 e5 2. Nf3 Nc6 3. c3 Nf6 4. d4 exd4 5. e5 Nd5 6. Bb5 d6 7. Nxd4 Bd7 8. Nf3 Nb6 9. Qe2 Qe7 10. Bg5 Qe6 11. exd6 Qxe2+ 12. Kxe2 Bxd6 13. Re1 O-O 14. Nbd2 a6 15. Bd3 h6 16. Bh4 Rfe8+ 17. Kf1 f5 18. h3 g5 19. Bg3 f4 20. Bh2 Ne5 21. Bc2 Bb5+ 22. Kg1 Nd3 23. Rxe8+ Rxe8 24. c4 Nxc4 25. Bb3 Nxb2 26. a4 Bxa4 27. Bxc4+ Nxc4 28. Nxc4 Bb5 29. Nxd6 cxd6 30. g3 Re4 31. gxf4 gxf4 32. Re1 Bc6 33. Rxe4 Bxe4 34. Nd2 Bd3 35. Bxf4 d5 36. Bxh6 a5 37. Be3 b5 38. Bb6 a4 39. Bc5 Kf7 40. f4 Kf6 41. Kf2 Kf5 42. Ke3 Bc2 43. h4 Kg4 44. Be7 b4 45. Bxb4 Kxh4 0-1


[Site "https://www.chess.com"]

[Event "Titled Tuesday Blitz May 23 Late 2023"]
[White "Sarkar, Justin"]
[Black "Kim, Sergey"]
[WhiteFideId "2010011"]
[BlackFideId "13700570"]
[WhiteElo "2168"]
[BlackElo "2475"]
[Result "0-1"]
[Round "10"]
[TimeControl "180+2"]
[Date "2023.05.23"]
[WhiteClock "0:00:00"]
[BlackClock "0:00:13"]

1. e4 e5 2. f4 Bc5 3. Nf3 d6 4. c3 Nc6 5. Bb5 Bd7 6. d4 exd4 7. cxd4 Bb6 8. O-O Nf6 9. Nc3 O-O 10. e5 Ng4 11. Kh1 Nh6 12. d5 Ne7 13. Bc4 Bg4 14. h3 Bxf3 15. Qxf3 Nhf5 16. Bd2 Ng6 17. Rae1 Qh4 18. Kh2 Rae8 19. e6 Nd4 20. Qg4 Qxg4 21. hxg4 a6 22. f5 Ne5 23. Re4 Nxc4 24. Rd1 Nxb2 25. Rb1 Nc4 26. Be1 Bc5 27. Bf2 Nb5 0-1


[Site "https://www.chess.com"]

[Event "Titled Tuesday Blitz May 23 Late 2023"]
[White "Kaplan, Avi Harrison"]
[Black "Weinstein, Joshua Ross"]
[WhiteFideId "30934559"]
[BlackFideId "30927714"]
[WhiteElo "1983"]
[BlackElo "2343"]
[Result "1-0"]
[Round "10"]
[TimeControl "180+2"]
[Date "2023.05.23"]
[WhiteClock "0:01:11"]
[BlackClock "0:00:06"]

1. f3 e5 2. Nc3 d5 3. e4 d4 4. Nce2 Nc6 5. d3 f5 6. exf5 Bxf5 7. f4 Bb4+ 8. c3 dxc3 9. bxc3 Bd6 10. Ng3 Nge7 11. Nxf5 Nxf5 12. fxe5 Nxe5 13. d4 Qh4+ 14. Kd2 Nxd4 15. cxd4 Qxd4+ 16. Kc2 Qxa1 17. Bb5+ Kf7 18. Qd5+ Kf8 19. Ne2 Nd7 20. Bxd7 Qe5 21. Rf1+ Ke7 22. Rf7+ Kd8 23. Bg5+ Be7 1-0


[Site "https://www.chess.com"]

[Event "Titled Tuesday Blitz May 23 Late 2023"]
[White "Mackster23"]
[Black "rikchessmx"]
[WhiteElo "2446"]
[BlackElo "2307"]
[Result "0-1"]
[Round "10"]
[TimeControl "180+2"]
[Date "2023.05.23"]
[WhiteClock "0:00:03"]
[BlackClock "0:00:32"]

1. e4 e5 2. Nf3 Nc6 3. d4 exd4 4. Nxd4 Nf6 5. Nc3 Bc5 6. Be3 Bb6 7. Nxc6 bxc6 8. Bxb6 axb6 9. Bc4 Qe7 10. O-O d6 11. Re1 O-O 12. Qf3 Ng4 13. Bb3 Ne5 14. Qe3 Be6 15. h3 Nc4 16. Bxc4 Bxc4 17. b3 Ba6 18. a4 Rfe8 19. Qd4 Qg5 20. Re3 Qe5 21. Rd1 g6 22. Rd2 Kg7 23. Qxe5+ Rxe5 24. Kh2 Rae8 25. Kg3 f5 26. f3 g5 27. Re1 d5 28. Rd4 Bb7 29. Kf2 c5 30. Rd2 d4 31. Nb5 R8e7 32. c3 fxe4 33. fxe4 dxc3 34. Nxc3 Bc6 35. Re3 Kg6 36. Rde2 h5 37. g4 Rf7+ 38. Kg3 h4+ 39. Kg2 Rf4 40. Nd5 Rf7 41. Rd3 b5 42. Rde3 c4 43. bxc4 bxa4 44. Nc3 a3 45. Nd5 Bxd5 46. cxd5 Rf4 47. Rxa3 Rfxe4 48. Rxe4 Rxe4 49. Rc3 Re7 50. Rc6+ Kg7 51. d6 cxd6 52. Rxd6 Re2+ 53. Kg1 Kf7 54. Ra6 Re3 55. Rb6 Rxh3 56. Rb5 Rg3+ 57. Kh2 Rxg4 58. Kh3 Rg3+ 59. Kh2 Kg6 60. Rb6+ Kh5 61. Rb5 Rc3 62. Rb7 Rc4 63. Rb8 Kg4 64. Rb7 Rc2+ 65. Kh1 Rc3 66. Rb5 h3 67. Rb1 Kh4 68. Rb4+ g4 69. Rb8 Kg3 70. Rb1 Ra3 71. Rg1+ Kh4 72. Rb1 Ra4 73. Rc1 g3 74. Rb1 Rd4 75. Ra1 Kg4 76. Rb1 Re4 77. Ra1 Kf3 78. Ra3+ Re3 79. Ra1 g2+ 80. Kh2 Kg4 81. Rb1 Re4 82. Kg1 Rf4 83. Rc1 Kg3 84. Rc3+ Rf3 85. Rxf3+ Kxf3 86. Kh2 Kf2 87. Kxh3 0-1


[Site "https://www.chess.com"]

[Event "Titled Tuesday Blitz May 23 Late 2023"]
[White "Alahakoon, Isuru"]
[Black "merinasian"]
[WhiteFideId "9900993"]
[WhiteElo "1953"]
[BlackElo "2444"]
[Result "1-0"]
[Round "10"]
[TimeControl "180+2"]
[Date "2023.05.23"]
[WhiteClock "0:00:50"]
[BlackClock "0:01:17"]

1. Nf3 Nf6 2. d4 e6 3. Nc3 Bb4 4. Bd2 b6 5. g3 Bxc3 6. Bxc3 Ne4 7. Bd2 Bb7 8. Bg2 Nxd2 9. Qxd2 O-O 10. O-O d6 11. Qd3 f5 12. Nd2 Bxg2 13. Kxg2 d5 14. Qe3 Qf6 15. f4 Nd7 16. Nf3 c5 17. Ne5 Nxe5 18. dxe5 Qe7 19. Rad1 Kh8 20. c4 d4 21. Qf3 g5 22. e3 g4 23. Qf2 Qb7+ 24. Kg1 dxe3 25. Qxe3 Rad8 26. Rd6 Rde8 27. Rfd1 Re7 28. Qd3 Kg7 29. Rd8 Rxd8 30. Qxd8 Rf7 31. Qg5+ 1-0


[Site "https://www.chess.com"]

[Event "Titled Tuesday Blitz May 23 Late 2023"]
[White "Wizard_of_Odds"]
[Black "Clawitter, Craig"]
[BlackFideId "2023105"]
[WhiteElo "2442"]
[BlackElo "2248"]
[Result "1-0"]
[Round "10"]
[TimeControl "180+2"]
[Date "2023.05.23"]
[WhiteClock "0:00:10"]
[BlackClock "0:00:00"]

1. d4 e6 2. c4 Nf6 3. Nc3 d5 4. cxd5 exd5 5. Bf4 c6 6. e3 Bf5 7. Nge2 Nbd7 8. Ng3 Bg6 9. h4 h6 10. h5 Bh7 11. Bd3 Bxd3 12. Qxd3 Be7 13. Nf5 O-O 14. Rh3 Ne8 15. Rg3 Bg5 16. O-O-O Bxf4 17. exf4 Qf6 18. Re1 Kh8 19. Kb1 Nb6 20. b3 Rd8 21. Rge3 Nd6 22. Nxd6 Rxd6 23. g3 Re6 24. Rxe6 fxe6 25. Qe3 Qf5+ 26. Kb2 Qxh5 27. Qxe6 Qf7 28. Qe3 Qf6 29. Qe5 Nc8 30. Qxf6 gxf6 31. f5 Nd6 32. g4 Re8 33. Rxe8+ Nxe8 34. Kc2 Nd6 35. Kd3 h5 36. f3 Kg7 37. Ke3 Kh6 38. Kf4 h4 39. Ne2 Nb5 40. a4 Nd6 41. Ng1 Nf7 42. Ke3 b6 43. f4 c5 44. Nf3 h3 45. Kf2 Nd6 46. Kg3 Ne4+ 47. Kxh3 cxd4 48. Nxd4 Nd2 49. Kh4 1-0


[Site "https://www.chess.com"]

[Event "Titled Tuesday Blitz May 23 Late 2023"]
[White "D`Arruda, Ricardo D."]
[Black "Almedina Ortiz, Edgardo J."]
[WhiteFideId "100692"]
[BlackFideId "3100197"]
[WhiteElo "2436"]
[BlackElo "2217"]
[Result "1-0"]
[Round "10"]
[TimeControl "180+2"]
[Date "2023.05.23"]
[WhiteClock "0:00:48"]
[BlackClock "0:00:00"]

1. d4 d5 2. Nf3 Nf6 3. c4 e6 4. Nc3 c5 5. e3 cxd4 6. exd4 Be7 7. Bd3 O-O 8. O-O dxc4 9. Bxc4 b6 10. Qe2 Bb7 11. Rd1 Nbd7 12. Bg5 Rc8 13. Bb3 Re8 14. Ne5 Nd5 15. Bxe7 Rxe7 16. Rac1 Nxc3 17. bxc3 Nxe5 18. Qxe5 Rec7 19. c4 Qf6 20. Qxf6 gxf6 21. Rc3 Rd8 22. Rcc1 Rcd7 23. c5 Rxd4 24. Rxd4 Rxd4 25. cxb6 axb6 26. h3 Rd7 27. Ba4 Re7 28. Kf1 Bd5 29. Rc2 Ra7 30. Bb3 Bxb3 31. axb3 Ra1+ 32. Ke2 Rb1 33. Rc3 Rb2+ 34. Ke3 Kg7 35. g3 f5 36. f4 Kf6 37. Kd4 1-0


[Site "https://www.chess.com"]

[Event "Titled Tuesday Blitz May 23 Late 2023"]
[White "Djordjevic, Dejan N"]
[Black "Perez Rodriguez, Jennifer"]
[WhiteFideId "913316"]
[BlackFideId "3507831"]
[WhiteElo "2261"]
[BlackElo "2116"]
[Result "0-1"]
[Round "10"]
[TimeControl "180+2"]
[Date "2023.05.23"]
[WhiteClock "0:00:00"]
[BlackClock "0:00:05"]

1. e4 e5 2. Nf3 Nc6 3. Bc4 Nf6 4. d3 Bc5 5. O-O d6 6. Re1 a6 7. c3 O-O 8. Bb3 h6 9. Nbd2 Re8 10. Nf1 Be6 11. Bc2 d5 12. Qe2 b5 13. h3 Qd7 14. Be3 d4 15. cxd4 Nxd4 16. Nxd4 Bxd4 17. Reb1 c5 18. a3 Rad8 19. Qe1 Qc7 20. Bxd4 Rxd4 21. Ne3 Red8 22. Rc1 Qb6 23. Qe2 a5 24. Rf1 c4 25. dxc4 bxc4 26. Rab1 Nxe4 27. Bxe4 Rxe4 28. Rfc1 a4 29. Qc2 Rf4 30. Qc3 Qd4 31. Rd1 Qb6 32. Qxe5 Rf6 33. Rxd8+ Qxd8 34. Rd1 Qb6 35. Rd6 Qb3 36. Rd8+ Kh7 37. Qe4+ Rg6 38. Qd4 Qa2 39. Kh2 Qa1 40. Nxc4 Qe1 41. Ne5 Rg5 42. Nxf7 Bxf7 43. Rd7 Qe6 44. Rd6 Qe5+ 45. Qxe5 Rxe5 46. f4 Re2 47. Rb6 Bd5 48. h4 Rxg2+ 49. Kh3 Rc2 50. Kg4 Bb3 51. f5 Rxb2 52. Kf4 Rf2+ 53. Ke5 Rh2 54. Rb7 Re2+ 55. Kd4 h5 0-1


[Site "https://www.chess.com"]

[Event "Titled Tuesday Blitz May 23 Late 2023"]
[White "Pires, Marcos Vinicius Torsani"]
[Black "Sailer, Mike"]
[WhiteFideId "2118939"]
[BlackFideId "2012901"]
[WhiteElo "2273"]
[BlackElo "2109"]
[Result "1-0"]
[Round "10"]
[TimeControl "180+2"]
[Date "2023.05.23"]
[WhiteClock "0:00:13"]
[BlackClock "0:00:00"]

1. e4 d5 2. exd5 Qxd5 3. Nc3 Qd6 4. Nf3 Nf6 5. d4 c6 6. Ne5 Nbd7 7. Nc4 Qc7 8. g3 Nb6 9. Bf4 Qd8 10. Ne5 Nbd5 11. Bd2 Nxc3 12. Bxc3 Qd5 13. Qf3 Qxf3 14. Nxf3 Bf5 15. O-O-O e6 16. Nh4 Bg4 17. f3 Bh5 18. g4 Bg6 19. Nxg6 hxg6 20. Bg2 Bd6 21. h3 Bf4+ 22. Bd2 Nd5 23. c4 Bxd2+ 24. Rxd2 Nf4 25. Bf1 g5 26. Rdh2 Rh4 27. Kd2 O-O-O 28. Ke3 Kc7 29. b4 Rdh8 30. a4 b6 31. a5 bxa5 32. Ra2 Rb8 33. Rxa5 Rb7 34. Rxg5 Ng6 35. Ra5 Rxb4 36. Rxa7+ Kb6 37. Rxf7 Rb3+ 38. Ke2 Rb2+ 39. Ke3 Rb3+ 40. Kf2 e5 41. Rxg7 Nf4 42. dxe5 Rh8 43. Kg3 Ne6 44. Rg6 Nd4 45. Bg2 Ne2+ 46. Kf2 Rb2 47. Ke3 Ra8 48. e6 Ra3+ 49. Ke4 Ng3+ 50. Ke5 Re3+ 51. Kf6 Nxh1 52. Bxh1 Rh2 53. Rg5 Rxh1 54. e7 Rxe7 55. Kxe7 Rxh3 56. f4 Rf3 57. f5 Kc5 58. f6+ Kxc4 59. Rf5 Rg3 60. f7 Rxg4 61. f8=Q Re4+ 62. Kd6 Rd4+ 63. Kxc6 Rd6+ 64. Qxd6 1-0


[Site "https://www.chess.com"]

[Event "Titled Tuesday Blitz May 23 Late 2023"]
[White "Schuster, Karsten"]
[Black "Seletsky, Grigory"]
[WhiteFideId "4611071"]
[BlackFideId "14112191"]
[WhiteElo "2254"]
[BlackElo "2491"]
[Result "1/2-1/2"]
[Round "10"]
[TimeControl "180+2"]
[Date "2023.05.23"]
[WhiteClock "0:00:02"]
[BlackClock "0:00:04"]

1. Nf3 d5 2. d4 Bf5 3. c4 e6 4. cxd5 exd5 5. Qb3 Nc6 6. a3 a6 7. Nc3 Nge7 8. Bg5 f6 9. Bf4 Na5 10. Qa4+ c6 11. e3 b5 12. Qd1 Ng6 13. Bg3 Nc4 14. Bxc4 bxc4 15. O-O Bd3 16. Re1 f5 17. Ne5 Nxe5 18. Bxe5 Qd7 19. b3 Bd6 20. bxc4 dxc4 21. Bxd6 Qxd6 22. Qh5+ g6 23. Qh6 Kf7 24. Na4 Qf8 25. Qf4 Qb8 26. Qf3 Be4 27. Qh3 Kg7 28. Nc5 Re8 29. Nxe4 Rxe4 30. Rab1 Qd6 31. Rb7+ Re7 32. Reb1 Ra7 33. Rxa7 Rxa7 34. a4 c5 35. Qh4 Rd7 36. Rd1 c3 37. h3 c2 38. Rc1 cxd4 39. exd4 Qxd4 40. Qxd4+ Rxd4 41. Rxc2 Rxa4 42. Rc6 h5 43. g3 h4 44. Kg2 hxg3 45. fxg3 a5 46. h4 Kh6 47. Ra6 Ra2+ 48. Kf3 a4 49. Ra8 Ra1 50. Rh8+ Kg7 51. Ra8 a3 52. Kg2 Kf6 53. Ra5 Kg7 54. Ra8 a2 55. Kh2 Kh7 56. Ra7+ Kh6 57. Ra8 Kh5 58. Kg2 g5 59. hxg5 Kxg5 60. Ra4 Kf6 61. Ra5 Ke6 62. Kh2 Kf6 63. Kg2 Kg5 64. Kh2 Kf6 65. Kg2 1/2-1/2


[Site "https://www.chess.com"]

[Event "Titled Tuesday Blitz May 23 Late 2023"]
[White "Hajiyev, Kanan"]
[Black "Bashkansky, Ethan"]
[WhiteFideId "13404148"]
[BlackFideId "2071533"]
[WhiteElo "2103"]
[BlackElo "2344"]
[Result "0-1"]
[Round "10"]
[TimeControl "180+2"]
[Date "2023.05.23"]
[WhiteClock "0:01:25"]
[BlackClock "0:00:16"]

1. d4 f5 2. c4 Nf6 3. g3 g6 4. Bg2 Bg7 5. Nc3 O-O 6. Nh3 Nc6 7. d5 Ne5 8. b3 Nf7 9. Bb2 e5 10. dxe6 dxe6 11. Qxd8 Rxd8 12. Rd1 Rxd1+ 13. Kxd1 e5 14. e4 Nxe4 15. Nxe4 fxe4 16. Ng1 Bf5 17. Ne2 Rd8+ 18. Ke1 Ng5 19. Nc3 Nf3+ 20. Bxf3 exf3 21. Nd5 c6 22. Ne3 Kf7 23. g4 Bd3 24. h4 h6 25. Rh3 e4 26. Bxg7 Kxg7 27. g5 hxg5 28. hxg5 Bb1 29. a4 Ba2 30. b4 Bb3 31. a5 Rd4 32. b5 Bxc4 33. a6 bxa6 34. bxc6 a5 35. c7 Ba6 36. Nc2 Rc4 37. Kd2 Rxc7 38. Rh4 Rd7+ 39. Kc3 Bd3 40. Ne3 Rc7+ 41. Kd4 a4 42. Nd5 Rd7 43. Ke5 Rxd5+ 44. Kxd5 a3 45. Rh1 a2 46. Ra1 Bb1 47. Kd4 Kf7 48. Kc4 Ke6 49. Kd4 Kf5 50. Ke3 Kxg5 51. Kd2 Kf4 52. Ke1 g5 53. Kf1 g4 54. Kg1 a5 55. Kh2 a4 56. Kg1 Ke5 57. Kf1 Kd4 58. Ke1 Kc3 59. Kd1 Kb2 60. Rxa2+ Bxa2 61. Kd2 Bc4 62. Ke3 Bd3 63. Kf4 a3 64. Ke3 a2 65. Kd2 a1=Q 66. Ke3 Qc1+ 67. Kd4 Qc4+ 68. Ke3 Qc5+ 69. Kf4 Qxf2 70. Kg5 e3 71. Kf4 g3 72. Ke5 Bf1 73. Kd4 Qd2+ 74. Ke5 Qd3 75. Kf4 Qd4+ 76. Kxg3 Ba6 77. Kh2 Qe5+ 78. Kg1 f2+ 79. Kg2 f1=Q# 0-1


[Site "https://www.chess.com"]

[Event "Titled Tuesday Blitz May 23 Late 2023"]
[White "Shapiro, Viktor"]
[Black "Lalanne, Pablo"]
[WhiteFideId "4175700"]
[BlackFideId "112151"]
[WhiteElo "2152"]
[BlackElo "2120"]
[Result "1-0"]
[Round "10"]
[TimeControl "180+2"]
[Date "2023.05.23"]
[WhiteClock "0:00:53"]
[BlackClock "0:00:00"]

1. Nf3 Nf6 2. c4 e6 3. Nc3 d5 4. d4 c5 5. cxd5 Nxd5 6. e4 Nxc3 7. bxc3 cxd4 8. cxd4 Bb4+ 9. Bd2 Bxd2+ 10. Qxd2 O-O 11. Bb5 a6 12. Bd3 b6 13. O-O Bb7 14. Rab1 b5 15. a4 Nc6 16. Qe3 b4 17. Rfd1 a5 18. Bb5 Ne7 19. Ne5 Ng6 20. Nc4 Qh4 21. f3 Rfd8 22. g3 Qe7 23. e5 Qc7 24. Rbc1 Qb8 25. Nd6 Rxd6 26. exd6 Qxd6 27. Rc5 Ne7 28. Qe5 Qxe5 29. dxe5 Bxf3 30. Rd7 Nd5 31. Bd3 Bd1 32. Rxa5 Rc8 33. Rc5 Rb8 34. Rb7 Ra8 35. a5 g6 36. Kf2 Ba4 37. Bc4 Nc3 38. Ke3 Bc6 39. Rxb4 Bd5 40. Kd4 Bxc4 41. Kxc3 Bd5 42. Kd4 Kg7 43. Rb6 h5 44. h4 Rd8 45. Kc3 Be4 46. Kb4 Rd3 47. Rc3 Rd4+ 48. Ka3 Rd2 49. a6 Bd5 50. Kb4 Ra2 51. Kc5 Ra5+ 52. Kd6 Ra1 53. Kc7 Ra4 54. Kb8 g5 55. hxg5 Kg6 56. a7 Kxg5 57. Rc5 Be4 58. Rc7 1-0


[Site "https://www.chess.com"]

[Event "Titled Tuesday Blitz May 23 Late 2023"]
[White "Gerbelli Neto, Eduardo"]
[Black "Torres Dominguez, David"]
[WhiteFideId "2103281"]
[BlackFideId "2220857"]
[WhiteElo "2178"]
[BlackElo "1999"]
[Result "1-0"]
[Round "10"]
[TimeControl "180+2"]
[Date "2023.05.23"]
[WhiteClock "0:00:57"]
[BlackClock "0:00:00"]

1. e4 e5 2. Nc3 Bc5 3. Bc4 Nf6 4. d3 d6 5. Bg5 h6 6. Bh4 Nc6 7. Nf3 g5 8. Bg3 Bg4 9. h3 Bh5 10. Nd5 Nd4 11. Ne3 Nxf3+ 12. gxf3 Bxe3 13. fxe3 Qe7 14. c3 O-O-O 15. Qe2 d5 16. exd5 Nxd5 17. O-O-O f6 18. h4 Nb6 19. Bb3 Bf7 20. e4 Bxb3 21. axb3 Qe6 22. Kc2 Nd7 23. b4 a6 24. Qe3 Qb6 25. Bf2 Qxe3 26. Bxe3 Nb8 27. Rd2 Nc6 28. Rdh2 Rhg8 29. hxg5 hxg5 30. Rh6 Rdf8 31. Rh7 b6 32. b3 g4 33. f4 exf4 34. Bxf4 Ne5 35. d4 Nd7 36. Rg1 Re8 37. Kd3 Rg6 38. Rf7 Rf8 39. Rh7 Rfg8 40. Bg3 R6g7 41. Rgh1 Rxh7 42. Rxh7 Kb7 43. Rxd7 Kc6 44. Rxc7+ Kb5 45. Rf7 Rg6 46. Ke3 a5 47. bxa5 bxa5 48. Kf4 a4 49. bxa4+ Kxa4 50. Rb7 1-0


[Site "https://www.chess.com"]

[Event "Titled Tuesday Blitz May 23 Late 2023"]
[White "Howell, David W L"]
[Black "Parizek, Vojtech"]
[WhiteFideId "410608"]
[BlackFideId "360996"]
[WhiteElo "2567"]
[BlackElo "2115"]
[Result "1-0"]
[Round "10"]
[TimeControl "180+2"]
[Date "2023.05.23"]
[WhiteClock "0:00:10"]
[BlackClock "0:00:00"]

1. e4 c5 2. Nf3 d6 3. d4 cxd4 4. Nxd4 Nf6 5. Nc3 a6 6. a4 Nc6 7. Be2 e6 8. Be3 Be7 9. O-O Bd7 10. Qd2 Qc7 11. Rfd1 O-O 12. f3 Rac8 13. Bf1 Nb4 14. Nce2 d5 15. e5 Ne8 16. c3 Nc6 17. f4 f6 18. exf6 Nxf6 19. g3 Ne4 20. Qd3 e5 21. Nb5 axb5 22. Qxd5+ Kh8 23. Qxd7 bxa4 24. Qxc7 Rxc7 25. Rxa4 Nf6 26. Bh3 Re8 27. Bb6 Rcc8 28. Bxc8 Rxc8 29. Kg2 e4 30. Nd4 Nd5 31. Nxc6 bxc6 32. Bg1 Rb8 33. Rxe4 Rxb2+ 34. Kf3 Rb7 35. Rd3 Nf6 36. Re6 Kg8 37. Rxc6 Kf7 38. g4 1-0


[Site "https://www.chess.com"]

[Event "Titled Tuesday Blitz May 23 Late 2023"]
[White "KVAIDAN"]
[Black "Jimenez Martinez, Jose Vicente"]
[BlackFideId "2264021"]
[WhiteElo "2287"]
[BlackElo "2231"]
[Result "0-1"]
[Round "10"]
[TimeControl "180+2"]
[Date "2023.05.23"]
[WhiteClock "0:01:44"]
[BlackClock "0:01:21"]

1. f4 d6 2. Nf3 g6 3. e4 Bg7 4. d3 Nf6 5. Be2 c5 6. O-O Nc6 7. Nc3 O-O 8. Qe1 e6 9. Qh4 Nd7 10. Qg3 f5 11. Ng5 Nf6 12. Qh4 h6 13. Nf3 Nd4 14. Bd1 Rb8 15. Qg3 Nxf3+ 16. Bxf3 Kh7 17. Be3 b5 18. e5 Ne8 19. exd6 Qxd6 20. Rae1 Nf6 21. Qf2 Nd7 22. Ne2 Bb7 23. Bxb7 Rxb7 24. d4 c4 25. c3 Nb6 26. d5 Qxd5 27. Bc5 Rc8 28. Rd1 Qxc5 29. Nd4 Nd5 30. Nxe6 Qxf2+ 31. Kxf2 Nf6 32. h3 Re7 33. Nd4 Ne4+ 34. Kg1 a6 35. Nf3 Rce8 36. Rd5 Ng3 37. Rfd1 Ne2+ 38. Kh1 Nxf4 39. Rd6 Nd3 40. Nh4 Nf2+ 41. Kg1 Nxd1 42. Nxg6 Re1+ 43. Kh2 R8e6 0-1


[Site "https://www.chess.com"]

[Event "Titled Tuesday Blitz May 23 Late 2023"]
[White "Remolar Gallen, Jose"]
[Black "Pace, Christopher"]
[WhiteFideId "2215187"]
[BlackFideId "2610167"]
[WhiteElo "2223"]
[BlackElo "2286"]
[Result "1-0"]
[Round "10"]
[TimeControl "180+2"]
[Date "2023.05.23"]
[WhiteClock "0:00:10"]
[BlackClock "0:00:04"]

1. e4 e5 2. Nf3 Nc6 3. Bb5 Nge7 4. O-O g6 5. d4 exd4 6. Nxd4 Bg7 7. Be3 O-O 8. Nc3 a6 9. Ba4 b5 10. Bb3 Na5 11. Nf3 Nxb3 12. axb3 Bb7 13. Bd4 Bxd4 14. Qxd4 Nc6 15. Qe3 Re8 16. Rad1 d6 17. Qh6 f6 18. Rfe1 Ne5 19. Nxe5 Rxe5 20. f3 Qe7 21. Qh4 Re8 22. Rf1 f5 23. Qxe7 R8xe7 24. exf5 Rxf5 25. Rfe1 Rfe5 26. Kf2 Rxe1 27. Rxe1 Rxe1 28. Kxe1 Kf7 29. Kd2 Ke6 30. Ke3 Ke5 31. Ne2 c5 32. Nf4 d5 33. Nd3+ Kd6 34. Kf4 d4 35. b4 c4 36. Nc5 Bc8 37. g4 Kd5 38. Ne4 Ke6 39. Ng5+ Kd5 40. Nxh7 c3 41. bxc3 dxc3 42. Nf8 Kc4 43. Nxg6 Kxb4 44. h4 Be6 45. h5 a5 46. Ne7 a4 47. h6 a3 48. h7 a2 49. h8=Q a1=Q 50. Qd4+ Ka5 51. Nc6+ Ka6 52. Qa7# 1-0


[Site "https://www.chess.com"]

[Event "Titled Tuesday Blitz May 23 Late 2023"]
[White "Wang, Alexander J"]
[Black "Srdanovic, Jovana"]
[WhiteFideId "30955270"]
[BlackFideId "954810"]
[WhiteElo "2275"]
[BlackElo "2169"]
[Result "0-1"]
[Round "10"]
[TimeControl "180+2"]
[Date "2023.05.23"]
[WhiteClock "0:00:45"]
[BlackClock "0:02:14"]

1. e4 e5 2. Nf3 Nc6 3. Bb5 a6 4. Ba4 d6 5. O-O Bd7 6. Bb3 g6 7. c3 Bg7 8. d4 Nge7 9. h3 O-O 10. Be3 Kh8 11. Nbd2 f5 12. exf5 Nxf5 13. Qe2 exd4 14. cxd4 Nfxd4 15. Nxd4 Nxd4 16. Qd3 Nxb3 17. axb3 Bxb2 18. Rab1 Bg7 19. Bd4 Qe7 0-1


[Site "https://www.chess.com"]

[Event "Titled Tuesday Blitz May 23 Late 2023"]
[White "Martinez, Ayelen"]
[Black "Mikhalsky, Vladimir"]
[WhiteFideId "118702"]
[BlackFideId "14144352"]
[WhiteElo "2125"]
[BlackElo "2236"]
[Result "0-1"]
[Round "10"]
[TimeControl "180+2"]
[Date "2023.05.23"]
[WhiteClock "0:00:13"]
[BlackClock "0:01:16"]

1. e4 g6 2. d4 Bg7 3. Nf3 d6 4. Nc3 Nf6 5. Bd3 O-O 6. Be3 Nc6 7. Ne2 e5 8. c3 d5 9. dxe5 Nxe4 10. Bd4 Re8 11. O-O Bg4 12. e6 Bxf3 13. exf7+ Kxf7 14. gxf3 Ng5 15. Ng3 Bxd4 16. cxd4 Nxd4 17. Bxg6+ hxg6 18. Kg2 Ngxf3 19. Rc1 c6 20. Rc3 Nh4+ 21. Kh3 Rh8 22. Qxd4 Nf5+ 23. Qxh8 Qxh8+ 24. Kg2 Qh4 25. Re1 Rh8 26. Nxf5 Qxh2+ 27. Kf1 gxf5 28. Ree3 Qh1+ 0-1


[Site "https://www.chess.com"]

[Event "Titled Tuesday Blitz May 23 Late 2023"]
[White "Simonovic, Miroslav"]
[Black "Vaglio Munoz, Jaime"]
[WhiteFideId "919152"]
[BlackFideId "6500145"]
[WhiteElo "2042"]
[BlackElo "2199"]
[Result "0-1"]
[Round "10"]
[TimeControl "180+2"]
[Date "2023.05.23"]
[WhiteClock "0:00:05"]
[BlackClock "0:00:23"]

1. d4 c6 2. Bg5 Qb6 3. b3 d5 4. e3 Bf5 5. Bd3 Bxd3 6. Qxd3 a5 7. Nd2 a4 8. f4 Nd7 9. Ngf3 axb3 10. Qxb3 Qxb3 11. Nxb3 h6 12. Bh4 e6 13. O-O Bb4 14. Be1 Ba3 15. Bc3 Ngf6 16. Nfd2 Ke7 17. Rfb1 b6 18. Bb2 c5 19. c3 c4 20. Nc1 Kd6 21. h3 h5 22. Kf2 Kc6 23. Ne2 h4 24. Kf3 Bxb2 25. Rxb2 Ra3 26. Rc1 Ne8 27. e4 Nd6 28. Rcc2 f5 29. e5 Nf7 30. Nb1 Ra6 31. a3 g5 32. Rb4 Raa8 33. a4 Rag8 34. Nd2 g4+ 35. Kf2 gxh3 36. gxh3 Ra8 37. Nf3 Ra5 38. Rcb2 Ra6 39. Neg1 Rha8 40. Nxh4 Rxa4 41. Rxa4 Rxa4 42. Ng6 Ra3 43. Rc2 b5 44. Ne2 b4 45. cxb4 Rxh3 46. Rc3 Rh2+ 47. Kf3 Nh6 48. Ne7+ Kb5 49. Ng3 Ng4 50. Ngxf5 exf5 51. Nxf5 Rh3+ 52. Kxg4 Rxc3 53. e6 Nf6+ 54. Kg5 Ne8 55. Kg6 Rf3 56. Kf7 Rxf4 57. Kxe8 Rxf5 58. e7 Rf2 59. Kd7 Re2 60. Kd6 Kxb4 61. Kxd5 c3 62. Kd6 c2 63. d5 c1=Q 64. Kd7 Qc5 65. d6 Rd2 66. e8=Q Qxd6+ 67. Kc8 Rc2+ 68. Kb7 Qd5+ 69. Kb6 Qc5+ 70. Kb7 Qc7+ 71. Ka6 Ra2+ 72. Qa4+ Rxa4# 0-1


[Site "https://www.chess.com"]

[Event "Titled Tuesday Blitz May 23 Late 2023"]
[White "lluiss"]
[Black "Prieto Aranguren, Alain"]
[BlackFideId "2268906"]
[WhiteElo "2253"]
[BlackElo "2209"]
[Result "1/2-1/2"]
[Round "10"]
[TimeControl "180+2"]
[Date "2023.05.23"]
[WhiteClock "0:00:16"]
[BlackClock "0:00:24"]

1. Nf3 Nc6 2. d4 d5 3. c4 Nf6 4. cxd5 Nxd5 5. e4 Nb6 6. d5 Nb8 7. Nc3 e6 8. Bf4 exd5 9. exd5 Bd6 10. Qe2+ Kf8 11. Bxd6+ Qxd6 12. O-O-O Bf5 13. Nh4 Bd7 14. Kb1 Na6 15. Ne4 Qb4 16. d6 Re8 17. f3 cxd6 18. Qd2 d5 19. Bxa6 Qxd2 20. Rxd2 bxa6 21. Nc3 Be6 22. f4 g6 23. f5 gxf5 24. Rf1 Kg7 25. Nxf5+ Bxf5+ 26. Rxf5 Re1+ 27. Kc2 Rc8 28. Kb3 a5 29. a4 Rc4 30. Nxd5 Ree4 31. Nxb6 axb6 32. Rd7 Rb4+ 33. Kc2 Rec4+ 34. Kb1 Rh4 35. Rdxf7+ Kg6 36. R7f6+ Kg7 37. Rf7+ Kg6 38. R7f6+ Kg7 39. Rf7+ 1/2-1/2


[Site "https://www.chess.com"]